 Dungeon Crawl Stone Soup version 0.27-a0-637-g3a9f0a9c12 (webtiles) character file.

Game seed: 11375774758133668822

80 tatocazan the Skirmisher (level 4, -1/36 HPs)
             Began as a Demonspawn Fighter on Mar 14, 2021.
             Succumbed to an orc wizard's poison
             ... on level 1 of the Dungeon.
             The game lasted 00:01:24 (1944 turns).

tatocazan the Skirmisher (Demonspawn Fighter)       Turns: 1944, Time: 00:01:25

Health: -1/36      AC: 10    Str: 17    XL:     4   Next: 18%
Magic:  4/4        EV:  7    Int: 10    God:
Gold:   24         SH: 12    Dex: 10    Spells: 3/3 levels left

rFire    . . .     SeeInvis .   a - +0 war axe
rCold    + . .     Faith    .   c - +0 kite shield
rNeg     . . .     Spirit   .   b - +0 scale mail
rPois    .         Reflect  .   (no helmet)
rElec    .         Harm     .   (no cloak)
rCorr    .         Rampage  .   (no gloves)
Will     .....     Rnd*Rage +   (no boots)
Stlth    ..........             (no amulet)
HPRegen  0.12/turn              (no ring)
MPRegen  0.18/turn              (no ring)

@: lethally poisoned (-1 -> -13)
A: icemail 1, magic regeneration, condensation shield, berserk 1, clumsy 1, cold
resistance 1, evolution 1
a: no special abilities


You were on level 1 of the Dungeon.
You visited 1 branch of the dungeon, and saw 2 of its levels.

You collected 24 gold pieces.

Inventory:

Hand Weapons
 a - a +0 war axe (weapon)
Armour
 b - a +0 scale mail (worn)
 c - a +0 kite shield (worn)
Scrolls
 e - 4 scrolls of noise {unknown}
 j - a scroll of fog {unknown}
 k - a scroll of amnesia {unknown}
 m - a scroll of enchant armour {unknown}
Potions
 d - a potion of might


   Skills:
 + Level 3.6 Fighting
 + Level 2.5 Axes
 + Level 3.2 Armour
 + Level 3.2 Shields


You had 3 spell levels left.
You didn't know any spells.
Your spell library was empty.

Dungeon Overview and Level Annotations

Branches:
Dungeon (2/15)

Altars:


Innate Abilities, Weirdness & Mutations

A meltable icy envelope protects you from harm. (AC +4)
You regenerate magic rapidly.
A meltable shield of frost defends you. (SH +4)
You tend to lose your temper in combat.
You are clumsy. (Dex -2)
Your flesh is cold resistant. (rC+)
You evolve.


Message History

You hit the orc.
You kill the orc!
You hit the orc. You hit the orc wizard.
You feel very sick. You block the orc's attack.
You block the orc wizard's attack. The orc wizard casts a spell at you.
You block the puff of flame. The orc hits you but does no damage.
You take 3 damage, and have 11/29 hp.
You hit the orc wizard.
The orc wizard is almost dead.
You barely miss the orc.
* * * LOW HITPOINT WARNING * * *
You feel very sick. You block the orc wizard's attack.
The orc hits you but does no damage.
You take 4 damage, and have 7/29 hp.
You hit the orc wizard.
You kill the orc wizard!
You barely miss the orc.
* * * LOW HITPOINT WARNING * * *
You feel sick. You block the orc's attack. x2
You have reached level 4!
You feel clever.
Your demonic ancestry asserts itself...
An icy envelope takes form around you.
MP restored: 4 You hit the orc but do no damage.
* * * LOW HITPOINT WARNING * * *
You feel sick. You block the orc's attack.
You take 2 damage, and have 5/36 hp.
You barely miss the orc.
* * * LOW HITPOINT WARNING * * *
You feel very sick. You block the orc's attack.
You take 3 damage, and have 2/36 hp.
Okay, then.
You hit the orc.
You kill the orc!
* * * LOW HITPOINT WARNING * * *
You feel sick.
You take 1 damage, and have 1/36 hp.
You die...

#.##........####.##########.#####
#.#.##########.......##..........
#.#...###### #.#.##.###.###.####.
#.#.#......# #.#.##.# #.# #.# #.
#.#.#......# #.#.##.###.# #.# #.
#.#.#......# #†#.##.....# #.# #.
#.#.#......# #.#.######## #.# #.
#.#.#......###.#.# #.####.
#.#.#......'...#@##########.#....
#.#.##.....#####>)...............
#.#.#.........##)##########.#....
#.#.#.#######.##.# #.#####
#.#.#.# #.##.# #...... .)....#
#.##.# ####### #.###########.##.#
#.#...........^..#
#.#.#########.#..#


There were no monsters in sight!

Vanquished Creatures
  2 orc wizards (D:1)
  2 leopard geckos (D:1)
  2 orcs (D:1)
  A ball python (D:1)
  A bat (D:1)
  3 giant cockroaches
  6 goblins (D:1)
  2 hobgoblins (D:1)
  A frilled lizard (D:1)
  3 kobolds
  2 rats (D:1)
25 creatures vanquished.

Notes
Turn   | Place    | Note
-------+----------+-------------------------------------------
     0 | D:1      | tatocazan the Demonspawn Fighter began the quest for the
                  | Orb.
     0 | D:1      | Reached XP level 1. HP: 18/18 MP: 1/1
   360 | D:1      | Gained mutation: A meltable shield of frost defends you.
                  | (SH +4) [demonic ancestry]
   360 | D:1      | Reached XP level 2. HP: 20/24 MP: 2/2
  1252 | D:1      | Gained mutation: You evolve. [potion of mutation]
  1252 | D:1      | Gained mutation: You are clumsy. (Dex -2) [potion of
                  | mutation]
  1252 | D:1      | Gained mutation: You tend to lose your temper in combat.
                  | [potion of mutation]
  1252 | D:1      | Gained mutation: Your flesh is cold resistant. (rC+)
                  | [potion of mutation]
  1260 | D:1      | Gained mutation: You regenerate magic rapidly. [demonic
                  | ancestry]
  1260 | D:1      | Reached XP level 3. HP: 5/29 MP: 3/3
  1941 | D:1      | Gained mutation: A meltable icy envelope protects you from
                  | harm. (AC +4) [demonic ancestry]
  1941 | D:1      | Reached XP level 4. HP: 7/36 MP: 4/4
  1943 | D:1      | HP: 1/36 [poisoned by an orc wizard]
  1944 | D:1      | Succumbed to an orc wizard's poison

Illustrated notes

Levels and vault maps discovered:
D:1:      minmay_arrival_widening_spiral_wide, layout_basic
D:2:      cheibrodos_pilgrimage, layout_loops_ring, zin_purify,
          lemuel_doored_altar

Skill      XL: |  1  2 |
---------------+-------+-----
Axes           | 2 |  2.5
Armour         | 3 |  3.2
Shields        | 3 |  3.2
Fighting       | |  3.6

Action                   |  1- 3 |  4- 6 || total
-------------------------+-------+-------++-------
Melee: War axe           |    60 |     3 ||    63
  Use: Potion            |     5 |       ||     5
 Stab: Invisible         |     1 |       ||     1
Armor: Scale mail        |    36 |       ||    36
Dodge: Dodged            |    17 |       ||    17
Block: Kite shield       |    53 |     2 ||    55

Table legend: (Time is in decaauts)
 A = Elapsed time spent in this place.
 B = Non-inter-level travel time spent in this place.
 C = Inter-level travel time spent in this place.
 D = Time resting spent in this place.
 E = Time spent auto-exploring this place.
 F = Levels seen in this place.
 G = Mean time per level.
                   A        B        C        D        E       F      G
               +--------+--------+--------+--------+--------+-----+--------+
         Total |   1970 |   1868 |    102 |    658 |   1029 |   2 |  985.0 |
       Dungeon |   1970 |   1868 |    102 |    658 |   1029 |   2 |  985.0 |
               +--------+--------+--------+--------+--------+-----+--------+

Top non-repeatable levels by time:
     D:1: 1946 daAuts
     D:2: 23 daAuts
